 Dungeon Crawl Stone Soup version 0.27-a0-789-g6bb3289e1e (webtiles) character file.

Game seed: 27768995979349846

169 rageheart7 the Skirmisher (level 5, -4/43 HPs)
             Began as a Demonspawn Monk on Mar 26, 2021.
             Slain by Terence
             ... wielding a +1 flail of protection
              (5 damage)
             ... on level 3 of the Dungeon.
             The game lasted 00:02:48 (3463 turns).

rageheart7 the Skirmisher (Demonspawn Monk)         Turns: 3463, Time: 00:02:48

Health: -4/43      AC:  5    Str:  9 (12) XL:     5   Next: 25%
Magic:  5/5        EV: 10    Int:  8 (11) God:
Gold:   155        SH:  0    Dex: 13 (16) Spells: 4/4 levels left

rFire    . . .     SeeInvis .   e - +0 flail
rCold    . . .     Faith    .   (no shield)
rNeg     . . .     Spirit   .   i - +0 ring mail
rPois    .         Reflect  .   (no helmet)
rElec    .         Harm     .   (no cloak)
rCorr    .         Rampage  .   (no gloves)
Will     .....                  (no boots)
Stlth    +.........             (no amulet)
HPRegen  0.14/turn              (no ring)
MPRegen  0.09/turn              (no ring)

@: hasted, very quick
A: demonic magic 1
a: no special abilities


You were on level 3 of the Dungeon.
You visited 1 branch of the dungeon, and saw 3 of its levels.

You collected 155 gold pieces.

Inventory:

Hand Weapons
 e - a +0 flail (weapon)
Armour
 i - a +0 ring mail (worn)
Scrolls
 a - 2 scrolls of identify {unknown}
 b - a scroll of enchant armour {unknown}
 c - a scroll of amnesia {unknown}
 g - a scroll of fear {unknown}
Potions
 f - a potion of ambrosia
 j - 2 potions of curing


   Skills:
 * Level 4.7 Fighting
 * Level 4.3 Maces & Flails
 - Level 2.6 Dodging
 - Level 1.7 Stealth


You had 4 spell levels left.
You didn't know any spells.
Your spell library was empty.

Dungeon Overview and Level Annotations

Branches:
Dungeon (3/15)

Altars:
Uskayaw

Annotations:
D:3 Terence


Innate Abilities, Weirdness & Mutations

Spells you cast may paralyse adjacent enemies.


Message History

The hobgoblin hits you but does no damage.
You closely miss the hobgoblin. The hobgoblin hits you.
You barely miss the hobgoblin. The hobgoblin hits you.
You sock the hobgoblin!
You kill the hobgoblin!
Terence says, "Time to say good-bye..."
You hit Terence but do no damage. You hit Terence.
Terence is lightly wounded.
Terence closely misses you.
You hit Terence.
Terence is lightly wounded.
Terence hits you with a +1 flail of protection.
You thump Terence!
Terence is heavily wounded.
Terence hits you with a +1 flail of protection.
You barely miss Terence.
Terence is heavily wounded.
Terence hits you with a +1 flail of protection.
You closely miss Terence.
Terence is heavily wounded.
Terence hits you with a +1 flail of protection!
* * * LOW HITPOINT WARNING * * *
You hit Terence.
Terence is severely wounded.
You closely miss Terence.
Terence is severely wounded.
Terence hits you with a +1 flail of protection.
* * * LOW HITPOINT WARNING * * *
You hit Terence but do no damage.
Terence is severely wounded.
Terence hits you but does no damage.
You barely miss Terence.
Terence is severely wounded.
Terence hits you with a +1 flail of protection.
* * * LOW HITPOINT WARNING * * *
You barely miss Terence.
Terence is severely wounded.
Terence hits you with a +1 flail of protection.
You die...

#.....#..#.#
###.....#.(#.#
#............#
#......##...##
#......###...#
##+###.# #...#
#.# ##..# #@#
#..# #@# #..##
#.# #...# #[#
#.#.# #.#
#...# #.#
##..# #.# #.>#
#.######.#
##......#.#
#.....#.#.#


You could see Terence.

Vanquished Creatures
  An iguana (D:3)
  Jessica (D:2)
  A gnoll (D:1)
  3 adders (D:2)
  A worm (D:2)
  A dart slug (D:1)
  5 ball pythons
  10 endoplasms
  2 giant cockroaches
  4 goblins
  8 hobgoblins
  7 jackals
  2 quokkas
  8 bats
  16 frilled lizards
  A kobold (D:2)
  3 rats
74 creatures vanquished.

Vanquished Creatures (others)
  15 plants
15 creatures vanquished.

Grand Total: 89 creatures vanquished

Notes
Turn   | Place    | Note
-------+----------+-------------------------------------------
     0 | D:1      | rageheart7 the Demonspawn Monk began the quest for the Orb.
     0 | D:1      | Reached XP level 1. HP: 18/18 MP: 1/1
   141 | D:1      | Gained mutation: Spells you cast may paralyse adjacent
                  | enemies. [demonic ancestry]
   141 | D:1      | Reached XP level 2. HP: 18/24 MP: 2/2
   267 | D:1      | Reached XP level 3. HP: 11/29 MP: 3/3
  1551 | D:2      | Reached XP level 4. HP: 26/37 MP: 4/4
  1953 | D:2      | Noticed Jessica
  1961 | D:2      | Killed Jessica
  2962 | D:2      | Reached XP level 5. HP: 43/43 MP: 5/5
  3327 | D:3      | Found a hide-covered altar of Uskayaw.
  3434 | D:3      | Noticed Terence
  3462 | D:3      | HP: 1/43 [Terence/+1 flail of protection (5)]
  3463 | D:3      | Slain by Terence

Illustrated notes

Levels and vault maps discovered:
D:1:      psy_arrival_basics, layout_rooms, minmay_lizard_king
D:2:      minmay_chambers_of_ones, layout_basic, grunt_ministairs_11,
          uniq_jessica
D:3:      layout_basic, tgw_fedhas, nicolae_uskayaw_dance_hall,
          chequers_temple_overflow_statue_of_worship,
          chequers_ecumenical_altar_simple, serial_bayou_lake_a,
          uniq_crazy_yiuf_cottage, uniq_terence

Skill      XL: |  1  2  3  4 |
---------------+-------------+-----
Maces & Flails | 3 4 |  4.3
Fighting       | 4 |  4.7
Dodging        | |  2.6
Stealth        | |  1.7

Action                   |  1- 3 |  4- 6 || total
-------------------------+-------+-------++-------
Melee: Mace              |    23 |       ||    23
       Flail             |    94 |   120 ||   214
  Use: Potion            |       |     4 ||     4
 Stab: Sleeping          |     2 |     3 ||     5
Armor: Robe              |    18 |    13 ||    31
       Ring mail         |       |    10 ||    10
Dodge: Dodged            |    94 |    76 ||   170

Table legend: (Time is in decaauts)
 A = Elapsed time spent in this place.
 B = Non-inter-level travel time spent in this place.
 C = Inter-level travel time spent in this place.
 D = Time resting spent in this place.
 E = Time spent auto-exploring this place.
 F = Levels seen in this place.
 G = Mean time per level.
                   A        B        C        D        E       F      G
               +--------+--------+--------+--------+--------+-----+--------+
         Total |   3508 |   3486 |     22 |    514 |   2438 |   3 | 1169.3 |
       Dungeon |   3508 |   3486 |     22 |    514 |   2438 |   3 | 1169.3 |
               +--------+--------+--------+--------+--------+-----+--------+

Top non-repeatable levels by time:
     D:2: 1894 daAuts
     D:1: 1228 daAuts
     D:3: 386 daAuts
